TOP OF THE 1ST |
Spokane Indians batting - Pitching for Eugene Emeralds : RHP Jim Beattie
|
Pitching: RHP Jim Beattie
|
|
Batting: SHB Jose Oquendo
|
0-0: Ball 1-0: Ball 2-0: Ball 3-0: Called Strike 3-1: Base on Balls
|
Batting: LHB Stu Pederson
|
0-0: Swinging Strike 0-1: Ball 1-1: Ball 2-1: SINGLE (Groundball, 34D, EV 105.0 MPH) Jose Oquendo to second Runner from 2nd tries for 3rd, SAFE, throw by RF made to third
|
Batting: RHB Roberto Reyes
|
0-0: Called Strike 0-1: SINGLE (Flyball, 89S, EV 96.9 MPH) Jose Oquendo scores Stu Pederson to second Runner from 2nd tries for 3rd, SAFE, throw by RF made to third
|
Batting: SHB Mark Gillaspie
|
0-0: Called Strike 0-1: Fly out, F8 (Flyball, 78D, EV 100.0 MPH) Runner from 3rd tags up, SCORES, throw by CF
|
Batting: RHB Tom Watkins
|
0-0: Ball 1-0: Ball 2-0: Foul Ball, location: 2F 2-1: Called Strike 2-2: Foul Ball, location: 2F 2-2: Ball 3-2: Strikes out swinging
|
Batting: LHB Dave Stockstill
|
0-0: Called Strike Roberto Reyes steals 2nd base (no throw) 0-1: Called Strike 0-2: Ball 1-2: Ball 2-2: Ball 3-2: Strikes out swinging
|
Top of the 1st over - 2 runs, 2 hits, 0 errors, 1 left on base; Spokane 2 - Eugene 0 |
BOTTOM OF THE 1ST |
Eugene Emeralds batting - Pitching for Spokane Indians : RHP Rob Mendoza
|
Pitching: RHP Rob Mendoza
|
|
Batting: LHB James Peters
|
0-0: Ball 1-0: Ball 2-0: Ball 3-0: Fly out, F7 (Flyball, 78M, EV 73.8 MPH)
|
Batting: LHB Randy Bush
|
0-0: Foul Ball, location: 2F 0-1: Hit by Pitch
|
Batting: LHB Ty Gainey
|
0-0: Ball 1-0: Ball 2-0: Ball 3-0: Called Strike 3-1: Called Strike 3-2: Foul Ball, location: 2F 3-2: SINGLE (Line Drive, 7LS, EV 96.3 MPH) Randy Bush to second
|
Batting: LHB Dave Revering
|
0-0: Ball 1-0: Grounds into double play, 3-6-3 (Groundball, 3, EV 84.4 MPH)
|
Bottom of the 1st over - 0 runs, 1 hit, 0 errors, 1 left on base; Spokane 2 - Eugene 0 |
TOP OF THE 2ND |
Spokane Indians batting - Pitching for Eugene Emeralds : RHP Jim Beattie
|
Batting: LHB Joseph Lentsch
|
0-0: Called Strike 0-1: Called Strike 0-2: Ground out 4-3 (Groundball, 4M, EV 110.6 MPH)
|
Batting: RHB Craig Landis
|
0-0: Called Strike 0-1: Foul Ball, location: 2F 0-2: Ball 1-2: Ball 2-2: Strikes out looking and he ARGUES THE CALL AND IS TOSSED!
|
Batting: RHB Matthew Tyner
|
0-0: Ball 1-0: Foul Ball, location: 2F 1-1: Ground out 6-3 (Groundball, 6, EV 103.1 MPH)
|
Top of the 2nd over - 0 runs, 0 hits, 0 errors, 0 left on base; Spokane 2 - Eugene 0 |
BOTTOM OF THE 2ND |
Eugene Emeralds batting - Pitching for Spokane Indians : RHP Rob Mendoza
|
Now at 3B: Ty Waller
|
|
Batting: LHB Rick Lancellotti
|
0-0: Called Strike 0-1: Foul Ball, location: 2F 0-2: Ball 1-2: Fly out, F7 (Flyball, 7LS, EV 87.5 MPH)
|
Batting: RHB Tim Wallach
|
0-0: Ball 1-0: Foul Ball, location: 2F 1-1: DOUBLE (Line Drive, 7LM, EV 89.4 MPH)
|
Batting: LHB Milt May
|
0-0: Called Strike 0-1: Swinging Strike 0-2: Ball 1-2: Fly out, F6 (Popup, 6MS, EV 48.1 MPH)
|
Batting: LHB Terry Lee
|
0-0: Ball 1-0: Fly out, F7 (Flyball, 7D, EV 94.4 MPH)
|
Bottom of the 2nd over - 0 runs, 1 hit, 0 errors, 1 left on base; Spokane 2 - Eugene 0 |
TOP OF THE 3RD |
Spokane Indians batting - Pitching for Eugene Emeralds : RHP Jim Beattie
|
Batting: SHB Jose Oquendo
|
0-0: Ball 1-0: Foul Ball, location: 2F 1-1: Foul Ball, location: 2F 1-2: SINGLE (Line Drive, 34D, EV 93.8 MPH)
|
Batting: LHB Stu Pederson
|
0-0: Ball 1-0: Called Strike 1-1: Foul Ball, location: 2F 1-2: Ball Jose Oquendo steals 2nd base 2-2: Foul Ball, location: 2F 2-2: Ball 3-2: Strikes out swinging
|
Batting: RHB Roberto Reyes
|
0-0: Ball 1-0: Fly out, F3 (Popup, 3, EV 73.1 MPH)
|
Batting: SHB Mark Gillaspie
|
0-0: Called Strike 0-1: Called Strike 0-2: Foul Ball, location: 2F 0-2: Ball 1-2: Fly out, F7 (Line Drive, 7, EV 91.3 MPH)
|
Top of the 3rd over - 0 runs, 1 hit, 0 errors, 1 left on base; Spokane 2 - Eugene 0 |
BOTTOM OF THE 3RD |
Eugene Emeralds batting - Pitching for Spokane Indians : RHP Rob Mendoza
|
Batting: RHB Derrell Baker
|
0-0: Ball 1-0: Ball 2-0: Foul Ball, location: 2F 2-1: Ball 3-1: Called Strike 3-2: Base on Balls
|
Batting: LHB James Peters
|
0-0: Foul Ball, location: 2F 0-1: Ball 1-1: Called Strike Derrell Baker is caught stealing 2nd base 2-6 1-2: Strikes out swinging
|
Batting: LHB Randy Bush
|
0-0: Ball 1-0: Called Strike 1-1: Swinging Strike 1-2: Ball 2-2: Ball 3-2: Base on Balls
|
Batting: LHB Ty Gainey
|
0-0: Ball 1-0: Swinging Strike 1-1: Ball 2-1: Swinging Strike 2-2: Ball 3-2: Foul Ball, location: 2F 3-2: Strikes out swinging
|
Bottom of the 3rd over - 0 runs, 0 hits, 0 errors, 1 left on base; Spokane 2 - Eugene 0 |
TOP OF THE 4TH |
Spokane Indians batting - Pitching for Eugene Emeralds : RHP Jim Beattie
|
Batting: RHB Tom Watkins
|
0-0: Ball 1-0: Foul Ball, location: 2F 1-1: Fly out, F8 (Flyball, 78M, EV 78.8 MPH)
|
Batting: LHB Dave Stockstill
|
0-0: SOLO HOME RUN (Flyball, 89XD, EV 105.0 MPH), Distance : 385 ft
|
Batting: LHB Joseph Lentsch
|
0-0: Foul Ball, location: 2F 0-1: Ball 1-1: Ground out 6-3 (Groundball, 6, EV 88.1 MPH)
|
Batting: RHB Ty Waller
|
0-0: Ball 1-0: Called Strike 1-1: Swinging Strike 1-2: Strikes out swinging
|
Top of the 4th over - 1 run, 1 hit, 0 errors, 0 left on base; Spokane 3 - Eugene 0 |
BOTTOM OF THE 4TH |
Eugene Emeralds batting - Pitching for Spokane Indians : RHP Rob Mendoza
|
Batting: LHB Dave Revering
|
0-0: Called Strike 0-1: Foul Ball, location: 2F 0-2: Ball 1-2: Ball 2-2: Ground out U3 (Groundball, 3, EV 110.0 MPH)
|
Batting: LHB Rick Lancellotti
|
0-0: Ball 1-0: Ball 2-0: SINGLE (Groundball, 6D, EV 100.0 MPH)
|
Batting: RHB Tim Wallach
|
0-0: Foul Ball, location: 2F 0-1: Ball 1-1: Called Strike 1-2: Foul Ball, location: 2F 1-2: Ball 2-2: Strikes out swinging
|
Batting: LHB Milt May
|
0-0: Called Strike 0-1: Ball 1-1: Ball 2-1: Ball 3-1: Foul Ball, location: 2F 3-2: Base on Balls Rick Lancellotti to second
|
Batting: LHB Terry Lee
|
0-0: Fly out, F5 (Popup, 5F, EV 76.9 MPH)
|
Bottom of the 4th over - 0 runs, 1 hit, 0 errors, 2 left on base; Spokane 3 - Eugene 0 |
TOP OF THE 5TH |
Spokane Indians batting - Pitching for Eugene Emeralds : RHP Jim Beattie
|
Batting: RHB Matthew Tyner
|
0-0: Called Strike 0-1: Called Strike 0-2: Strikes out looking
|
Batting: SHB Jose Oquendo
|
0-0: Ball 1-0: Swinging Strike 1-1: Ball 2-1: Called Strike 2-2: Ball 3-2: Foul Ball, location: 2F 3-2: Ground out 6-3 (Groundball, 56D, EV 103.8 MPH)
|
Batting: LHB Stu Pederson
|
0-0: Called Strike 0-1: Ball 1-1: Ground out U3 (Groundball, 3L, EV 88.8 MPH)
|
Top of the 5th over - 0 runs, 0 hits, 0 errors, 0 left on base; Spokane 3 - Eugene 0 |
BOTTOM OF THE 5TH |
Eugene Emeralds batting - Pitching for Spokane Indians : RHP Rob Mendoza
|
Batting: RHB Derrell Baker
|
0-0: Fly out, F8 (Flyball, 8RD, EV 80.6 MPH)
|
Batting: LHB James Peters
|
0-0: Ball 1-0: Called Strike 1-1: Ball 2-1: Ball 3-1: Foul Ball, location: 2F 3-2: Base on Balls
|
Batting: LHB Randy Bush
|
Pickoff Throw to First - Error! E1 James Peters to second 0-0: Called Strike 0-1: Ball 1-1: SINGLE (Line Drive, 7LS, EV 106.3 MPH) James Peters to third Runner from 3rd tries for Home, SAFE, throw by LF to home
|
Batting: LHB Ty Gainey
|
0-0: Ball 1-0: Called Strike 1-1: Swinging Strike 1-2: Strikes out swinging
|
Batting: LHB Dave Revering
|
0-0: DOUBLE (Line Drive, 78M, EV 105.0 MPH) Randy Bush to third Runner from 3rd tries for Home, SAFE, no throw by LF
|
Batting: LHB Rick Lancellotti
|
0-0: Called Strike 0-1: Foul Ball, location: 2F 0-2: Strikes out swinging
|
Bottom of the 5th over - 2 runs, 2 hits, 1 error, 1 left on base; Spokane 3 - Eugene 2 |
TOP OF THE 6TH |
Spokane Indians batting - Pitching for Eugene Emeralds : RHP Jim Beattie
|
Batting: RHB Roberto Reyes
|
0-0: Called Strike 0-1: Ball 1-1: Fly out, F9 (Line Drive, 9, EV 95.6 MPH)
|
Batting: SHB Mark Gillaspie
|
0-0: Ball 1-0: Ball 2-0: Ball 3-0: Base on Balls
|
Batting: RHB Tom Watkins
|
0-0: Ball 1-0: Ball 2-0: Foul Ball, location: 2F 2-1: Ball 3-1: Grounds into double play, 6-4-3 (Groundball, 6, EV 88.1 MPH)
|
Top of the 6th over - 0 runs, 0 hits, 0 errors, 0 left on base; Spokane 3 - Eugene 2 |
BOTTOM OF THE 6TH |
Eugene Emeralds batting - Pitching for Spokane Indians : RHP Rob Mendoza
|
Batting: RHB Tim Wallach
|
0-0: Ball 1-0: Foul Ball, location: 2F 1-1: Fly out, F8 (Flyball, 8LM, EV 91.9 MPH)
|
Batting: LHB Milt May
|
0-0: Ball 1-0: Ball 2-0: Ball 3-0: Called Strike 3-1: Foul Ball, location: 2F 3-2: Strikes out looking
|
Batting: LHB Terry Lee
|
0-0: Ball 1-0: Fly out, F8 (Flyball, 8LD, EV 107.5 MPH)
|
Bottom of the 6th over - 0 runs, 0 hits, 0 errors, 0 left on base; Spokane 3 - Eugene 2 |
TOP OF THE 7TH |
Spokane Indians batting - Pitching for Eugene Emeralds : RHP Jim Beattie
|
Batting: LHB Dave Stockstill
|
0-0: Foul Ball, location: 2F 0-1: Ball 1-1: Swinging Strike 1-2: Ball 2-2: Foul Ball, location: 2F 2-2: Fly out, F8 (Flyball, 89D, EV 85.6 MPH)
|
Batting: LHB Joseph Lentsch
|
0-0: Ball 1-0: Called Strike 1-1: Fly out, F9 (Flyball, 9S, EV 84.4 MPH)
|
Batting: RHB Ty Waller
|
0-0: Called Strike 0-1: Ball 1-1: Foul Ball, location: 2F 1-2: Strikes out swinging
|
Top of the 7th over - 0 runs, 0 hits, 0 errors, 0 left on base; Spokane 3 - Eugene 2 |
BOTTOM OF THE 7TH |
Eugene Emeralds batting - Pitching for Spokane Indians : RHP Rob Mendoza
|
Batting: RHB Derrell Baker
|
0-0: Called Strike 0-1: Fly out, F5 (Line Drive, 5, EV 66.3 MPH)
|
Batting: LHB James Peters
|
0-0: Ball 1-0: Called Strike 1-1: Called Strike 1-2: Ground out U3 (Groundball, 3, EV 102.5 MPH)
|
Batting: LHB Randy Bush
|
0-0: Called Strike 0-1: Ball 1-1: TRIPLE (Flyball, 78XD, EV 95.0 MPH)
|
Batting: LHB Ty Gainey
|
0-0: Ground out U3 (Groundball, 3, EV 81.3 MPH)
|
Bottom of the 7th over - 0 runs, 1 hit, 0 errors, 1 left on base; Spokane 3 - Eugene 2 |
TOP OF THE 8TH |
Spokane Indians batting - Pitching for Eugene Emeralds : RHP Jim Beattie
|
Batting: RHB Matthew Tyner
|
0-0: Ball 1-0: Fly out, F8 (Line Drive, 8RM, EV 104.4 MPH)
|
Batting: SHB Jose Oquendo
|
0-0: Ground out 4-3 (Groundball, 4, EV 86.9 MPH)
|
Batting: LHB Stu Pederson
|
0-0: Ball 1-0: Ball 2-0: Foul Ball, location: 2F 2-1: Called Strike 2-2: SINGLE (Groundball, 34D, EV 100.0 MPH)
|
Batting: RHB Roberto Reyes
|
0-0: Called Strike 0-1: Ball 1-1: Ball 2-1: SINGLE (Line Drive, 89S, EV 94.4 MPH) Stu Pederson to second Runner from 2nd tries for 3rd, SAFE, no throw by RF
|
Batting: SHB Mark Gillaspie
|
0-0: Ball 1-0: Ball 2-0: Ball 3-0: Base on Balls Roberto Reyes to second
|
Batting: RHB Tom Watkins
|
0-0: Ball 1-0: Called Strike 1-1: Ball 2-1: Foul Ball, location: 2F 2-2: Foul Ball, location: 2F 2-2: Foul Ball, location: 2F 2-2: SINGLE (Line Drive, 6D, EV 105.6 MPH) Stu Pederson scores Roberto Reyes to third Mark Gillaspie to second Runner from 3rd tries for Home, SAFE, throw by CF to home
|
Batting: LHB Dave Stockstill
|
0-0: Called Strike 0-1: Ball 1-1: Called Strike 1-2: Fly out, F9 (Line Drive, 9, EV 88.8 MPH)
|
Top of the 8th over - 2 runs, 3 hits, 0 errors, 2 left on base; Spokane 5 - Eugene 2 |
BOTTOM OF THE 8TH |
Eugene Emeralds batting - Pitching for Spokane Indians : RHP Rob Mendoza
|
Batting: LHB Dave Revering
|
0-0: Foul Ball, location: 2F 0-1: Ball 1-1: Ball 2-1: Called Strike 2-2: Ball 3-2: Base on Balls
|
Batting: LHB Rick Lancellotti
|
0-0: Ball 1-0: Ball 2-0: Foul Ball, location: 2F 2-1: SINGLE (Flyball, 8LS, EV 88.8 MPH) Dave Revering to second
|
Batting: RHB Tim Wallach
|
0-0: Ball 1-0: Ball 2-0: Ball Wild Pitch! Dave Revering to third Rick Lancellotti to second 3-0: Foul Ball, location: 2F 3-1: Base on Balls
|
Batting: LHB Milt May
|
0-0: Swinging Strike 0-1: Ball 1-1: Foul Ball, location: 2F 1-2: Ball 2-2: Fly out, F8 (Flyball, 78XD, EV 73.8 MPH) Runner from 3rd tags up, SCORES, no throw by CF
|
Batting: LHB Terry Lee
|
0-0: Called Strike 0-1: Fly out, F9 (Flyball, 89M, EV 92.5 MPH)
|
Batting: RHB Derrell Baker
|
0-0: Called Strike 0-1: Ball 1-1: Ball 2-1: Ball 3-1: Base on Balls Rick Lancellotti to third Tim Wallach to second
|
Batting: LHB James Peters
|
0-0: Ball 1-0: Ball 2-0: Ball 3-0: Base on Balls Rick Lancellotti scores Tim Wallach to third Derrell Baker to second
|
Batting: LHB Randy Bush
|
0-0: Ball 1-0: SINGLE (Line Drive, 6MD, EV 106.3 MPH) Tim Wallach scores Derrell Baker to third James Peters to second Runner from 3rd tries for Home, SAFE, throw by CF to home James Peters to third Randy Bush to second
|
Pitching: LHP Michael Nored
|
|
Batting: LHB Ty Gainey
|
0-0: Called Strike 0-1: Foul Ball, location: 2F 0-2: Ball 1-2: SINGLE (Flyball, 89S, EV 99.4 MPH) James Peters scores Randy Bush to third Runner from 3rd tries for Home, SAFE, throw by CF to home Ty Gainey to second
|
Batting: LHB Dave Revering
|
0-0: Ball 1-0: 2-RUN HOME RUN (Flyball, 89XD, EV 95.6 MPH), Distance : 405 ft
|
Batting: LHB Rick Lancellotti
|
0-0: Ball 1-0: Fly out, F9 (Flyball, 9, EV 84.4 MPH)
|
Bottom of the 8th over - 8 runs, 4 hits, 0 errors, 0 left on base; Spokane 5 - Eugene 10 |
TOP OF THE 9TH |
Spokane Indians batting - Pitching for Eugene Emeralds : RHP Jim Beattie
|
Batting: LHB Joseph Lentsch
|
0-0: Ball 1-0: Fly out, F7 (Flyball, 7D, EV 103.8 MPH)
|
Batting: RHB Ty Waller
|
0-0: Called Strike 0-1: Ball 1-1: Ball 2-1: Ball 3-1: Foul Ball, location: 2F 3-2: Strikes out swinging
|
Batting: RHB Matthew Tyner
|
0-0: Swinging Strike 0-1: Called Strike 0-2: Ground out 5-3 (Groundball, 5S, EV 88.1 MPH)
|
Top of the 9th over - 0 runs, 0 hits, 0 errors, 0 left on base; Spokane 5 - Eugene 10 |
|